 Dungeon Crawl Stone Soup version 0.29.1-1-gd02db69 (webtiles) character file.

Game seed: 5501522175085291575

234 malesh the Cudgeller (level 6, -2/32 HPs)
             Began as a Vine Stalker Fighter on Oct 20, 2022.
             Slain by an ogre
             ... wielding a +0 giant spiked club
              (14 damage)
             ... on level 4 of the Dungeon.
             The game lasted 00:04:57 (2687 turns).

malesh the Cudgeller (Vine Stalker Fighter)         Turns: 2687, Time: 00:04:58

Health: -2/32      AC:  8    Str: 20    XL:     6   Next: 5%
Magic:  0/7        EV: 13    Int:  8    God:
Gold:   111        SH:  5    Dex: 14    Spells: 5/5 levels left

rFire   . . .      SeeInvis .   a - +0 flail
rCold   . . .      Faith    .   c - +0 buckler
rNeg    . . .      Spirit   +   b - +0 scale mail
rPois   .          Reflect  .   g - +0 helmet
rElec   .          Harm     .   (no cloak)
rCorr   .          Rampage  .   (no gloves)
Will    .....                   (no boots)
Stlth   ..........              (no amulet)
HPRegen 0.90/turn               o - +4 ring of evasion
MPRegen 0.10/turn               (no ring)

@: no status effects
A: fangs 2, regeneration 1, magic shield, antimagic bite, no potion heal 2
a: no special abilities


You were on level 4 of the Dungeon.
You visited 1 branch of the dungeon, and saw 4 of its levels.

You collected 111 gold pieces.

Inventory:

Hand Weapons
 a - a +0 flail (weapon)
Missiles
 f - a boomerang (quivered)
 j - 2 silver boomerangs
Armour
 b - a +0 scale mail (worn)
 c - a +0 buckler (worn)
 g - a +0 helmet (worn)
Jewellery
 o - a +4 ring of evasion (left hand)
Scrolls
 k - a scroll of brand weapon
 m - a scroll of teleportation
 p - a scroll of magic mapping
 r - a scroll of torment
 s - a scroll of enchant armour {unknown}
 u - a scroll of acquirement {unknown}
Potions
 d - a potion of haste {unknown}
 e - 2 potions of brilliance
 h - a potion of mutation {unknown}
 i - a potion of flight {unknown}
 l - a potion of attraction {unknown}
 n - 2 potions of heal wounds {unknown}
 q - a potion of lignification {unknown}
 t - a potion of degeneration {unknown}


   Skills:
 + Level 3.2 Fighting
 + Level 3.5 Maces & Flails
 + Level 3.5 Armour
 + Level 1.0 Dodging
 - Level 0.9 Stealth
 + Level 3.2 Shields


You had 5 spell levels left.
You didn't know any spells.
Your spell library was empty.

Dungeon Overview and Level Annotations

Branches:
Dungeon (4/15)
 Temple: D:4-7

Altars:

Annotations:
D:4 Eustachio


Innate Abilities, Weirdness & Mutations

You have extremely sharp teeth.
Your natural rate of healing is unusually fast.
When hurt, damage is shared between your health and your magic reserves.
Your bite disrupts and absorbs the magic of your enemies.
Potions cannot restore your health.


Message History

The hound is severely wounded.
You block the hound's attack. The hound bites you but does no damage.
You barely miss the hound. You bite the hound.
You kill the hound!
Your Dodging skill increases to level 1!
You have reached level 6!
HP restored.
Magic restored.
You open the door.
A ball python comes into view.
The ball python hisses angrily.
You sock the ball python!
You kill the ball python!
No target in view!
No target in view!
There is an open door here.
You see here a ball python corpse.
There is a fountain of clear blue water here.
You open the door.
There is an open door here.
An ogre comes into view. It is wielding a +0 giant spiked club.
Found a sedimented brown potion.
The ogre shouts!
You hear a shout!
You hit the ogre.
The ogre is lightly wounded.
You block the ogre's attack.
Eustachio the Magnificent comes into view.
He is wielding a +0 falchion.
You completely miss the ogre.
The ogre is lightly wounded.
The ogre misses you.
Eustachio casts a spell.
Eustachio blinks!
You hit the ogre. Your bite misses the ogre.
The ogre is moderately wounded.
The ogre hits you with a +0 giant spiked club!!
Ouch! That really hurt!
You barely miss the ogre.
The ogre is moderately wounded.
The ogre hits you with a +0 giant spiked club!
You die...

.. ### ..#.
#..##...
####.#....
###..#....#
#.........##
#..........#..
#..#O.......
#..@#.......
##.##.......
##..###...§.
#.......#...
####'###### !.
###.......# .
#.#.⌠...⌠.#
#.#.......#
#.†...⌠...+


You could see an ogre.

Vanquished Creatures
  Sigmund (D:3)
  A hound (D:4)
  A worm (D:2)
  2 dart slugs (D:1)
  2 orcs (D:3)
  7 bats
  3 endoplasms
  A giant cockroach (D:1)
  2 hobgoblins (D:1)
  5 ball pythons
  4 frilled lizards
  3 goblins (D:2)
  6 kobolds (D:2)
  5 rats
43 creatures vanquished.

Notes
Turn   | Place    | Note
-------+----------+-------------------------------------------
     0 | D:1      | malesh the Vine Stalker Fighter began the quest for the
                  | Orb.
     0 | D:1      | Reached XP level 1. HP: 11/11 MP: 2/2
   345 | D:1      | Reached XP level 2. HP: 13/16 MP: 3/3
   929 | D:2      | Found a faded altar of an unknown god.
  1079 | D:2      | Reached XP level 3. HP: 16/19 MP: 4/4
  2260 | D:3      | Noticed Sigmund
  2268 | D:3      | Killed Sigmund
  2269 | D:3      | Gained mutation: Your natural rate of healing is unusually
                  | fast. [Vine Stalker growth]
  2269 | D:3      | Reached XP level 4. HP: 16/24 MP: 5/5
  2269 | D:3      | Reached XP level 5. HP: 19/28 MP: 6/6
  2638 | D:4      | Reached skill level 1 in Dodging
  2638 | D:4      | Reached XP level 6. HP: 30/32 MP: 5/7
  2683 | D:4      | Noticed Eustachio
  2687 | D:4      | Slain by an ogre

Illustrated notes

Levels and vault maps discovered:
D:1:      elethiomel_arrival_quiet, layout_loops_ring, minmay_indecisive_spiral
D:2:      layout_basic, ebering_ecumenical_altar_petrified
D:3:      layout_basic, serial_glass, glass_columns_b, glass_columns_a,
          serial_park_tiny_pond, minivault_11, uniq_sigmund
D:4:      layout_cave_pools, nicolae_overflows_in_rows,
          yredelemnul_forgotten_temple_becter, serial_shops, shop,
          minmay_fountain_box, uniq_eustachio

Skill      XL: |  1  2  3  4  5 |
---------------+----------------+-----
Shields        | 3 |  3.2
Maces & Flails | 3 |  3.5
Fighting       | 3 |  3.2
Armour         | 3 |  3.5
Dodging        | 1 |  1.0
Stealth        | |  0.9

Action                   |  1- 3 |  4- 6 || total
-------------------------+-------+-------++-------
Melee: Flail             |    90 |    29 ||   119
       Bite              |    18 |     3 ||    21
  Use: Scroll            |     5 |     1 ||     6
       Potion            |     1 |       ||     1
Armor: Scale mail        |    38 |     8 ||    46
Dodge: Dodged            |    41 |    17 ||    58
Block: Buckler           |    15 |     5 ||    20
